[ AOE2 MATCH · #513836849 ]
UnrankedAztecs vs Chinese
Player's team · LOSS
Rival team · WIN
[ REPLAY ANALYSIS · EXTRACTED FROM THE RECORDED GAME ]
Feudal
9:25
Castle
23:38
Imperial
—
| APM avg | 47.7 |
| APM peak | 92 |
| eAPM avg | 20.8 |
| Villagers / military | 123 / 207 |
Focus
⚔️ 36.4% · 🌾 63.6%
Spearman ×112 · Eagle Scout ×67 · Archer ×13 · Militia ×9 · Mangonel ×3 · Scorpion ×3
Feudal
9:41
Castle
26:18
Imperial
—
| APM avg | 64.9 |
| APM peak | 122 |
| eAPM avg | 27.7 |
| Villagers / military | 105 / 93 |
Focus
⚔️ 35.1% · 🌾 64.9%
Knight ×46 · Skirmisher ×34 · Scout Cavalry ×10 · Monk ×1 · Archer ×1 · Spearman ×1
Match map
Initial resources + every placement click. Lines = walls · curves = elevation contours. ◆ gold · ⬟ stone · ● berries · ✦ relic · ◌ wall gap
Your base· Open — unwalled flank
iThink's base· Open — 6t gap
Smoothed initial terrain · ◌ = detected wall gap · hover for details
Inputs per minute
— Ijusttry09 - - iThink
Build order — Ijusttry09
First 150 of 414 actions detected
| 0:01 | Queue | Villager (Male) |
| 0:01 | Queue | Villager (Male) |
| 0:02 | Build | House |
| 0:03 | Build | House |
| 0:07 | Queue | Villager (Male) |
| 0:07 | Queue | Villager (Male) |
| 1:50 | Queue | Villager (Male) |
| 1:50 | Queue | Villager (Male) |
| 1:51 | Queue | Villager (Male) |
| 2:00 | Build | Lumber Camp |
| 2:11 | Queue | Villager (Male) |
| 2:11 | Queue | Villager (Male) |
| 2:24 | Queue | Villager (Male) |
| 2:24 | Queue | Villager (Male) |
| 3:01 | Queue | Villager (Male) |
| 3:25 | Queue | Villager (Male) |
| 3:25 | Queue | Villager (Male) |
| 3:25 | Queue | Villager (Male) |
| 3:45 | Build | Palisade Wall |
| 3:55 | Queue | Villager (Male) |
| 3:58 | Queue | Villager (Male) |
| 3:58 | Queue | Villager (Male) |
| 3:59 | Build | House |
| 4:13 | Queue | Villager (Male) |
| 4:13 | Queue | Villager (Male) |
| 4:13 | Queue | Villager (Male) |
| 4:46 | Queue | Villager (Male) |
| 4:47 | Queue | Villager (Male) |
| 5:40 | Build | Barracks |
| 5:59 | Queue | Villager (Male) |
| 6:22 | Queue | Villager (Male) |
| 6:22 | Research | Loom |
| 6:42 | Build | House |
| 6:55 | Build | House |
| 7:05 | Research | Feudal Age |
| 7:22 | Build | Mining Camp |
| 7:27 | Build | House |
| 7:30 | Build | Palisade Wall |
| 7:41 | Queue | Militia |
| 7:41 | Queue | Militia |
| 7:42 | Queue | Militia |
| 8:07 | Queue | Militia |
| 8:07 | Queue | Militia |
| 8:29 | Build | Mill |
| 9:17 | Queue | Villager (Male) |
| 9:25 | Age | Feudal Age |
| 9:28 | Research | Man-at-Arms (upgrade) |
| 9:36 | Build | Archery Range |
| 9:54 | Queue | Villager (Male) |
| 9:58 | Build | Farm |
| 9:59 | Build | Farm |
| 10:09 | Build | House |
| 10:43 | Queue | Villager (Male) |
| 10:44 | Queue | Archer |
| 10:54 | Queue | Archer |
| 11:00 | Build | Blacksmith |
| 11:08 | Queue | Villager (Male) |
| 11:11 | Build | Farm |
| 11:16 | Queue | Archer |
| 11:27 | Build | House |
| 11:28 | Queue | Villager (Male) |
| 11:32 | Build | Farm |
| 11:47 | Build | Palisade Wall |
| 11:49 | Build | Palisade Wall |
| 11:50 | Build | Palisade Wall |
| 11:52 | Build | Palisade Wall |
| 12:06 | Queue | Spearman |
| 12:10 | Build | House |
| 12:12 | Build | Palisade Wall |
| 12:14 | Build | Palisade Wall |
| 12:16 | Build | Palisade Wall |
| 12:25 | Queue | Spearman |
| 12:32 | Queue | Villager (Male) |
| 12:33 | Queue | Spearman |
| 12:42 | Queue | Archer |
| 12:52 | Build | Farm |
| 13:02 | Queue | Villager (Male) |
| 13:04 | Build | Farm |
| 13:25 | Queue | Spearman |
| 13:28 | Build | Farm |
| 13:31 | Build | Farm |
| 13:38 | Queue | Villager (Male) |
| 13:39 | Queue | Villager (Male) |
| 13:40 | Queue | Archer |
| 13:57 | Queue | Villager (Male) |
| 14:12 | Build | Farm |
| 14:13 | Queue | Villager (Male) |
| 14:33 | Research | Fletching |
| 14:33 | Research | Fletching |
| 14:53 | Build | House |
| 15:04 | Queue | Villager (Male) |
| 15:17 | Queue | Villager (Male) |
| 15:18 | Queue | Militia |
| 15:26 | Queue | Archer |
| 15:47 | Queue | Eagle Scout |
| 15:47 | Queue | Villager (Male) |
| 15:55 | Build | Archery Range |
| 15:58 | Queue | Archer |
| 16:04 | Research | Scale Mail Armor |
| 16:07 | Queue | Villager (Male) |
| 16:25 | Queue | Militia |
| 16:40 | Queue | Archer |
| 16:46 | Build | Market |
| 16:52 | Queue | Villager (Male) |
| 16:59 | Research | Arson |
| 17:04 | Build | House |
| 17:13 | Research | Wheelbarrow |
| 17:13 | Research | Wheelbarrow |
| 17:13 | Research | Wheelbarrow |
| 17:15 | Queue | Archer |
| 17:19 | Queue | Archer |
| 17:19 | Queue | Archer |
| 17:29 | Build | House |
| 17:32 | Queue | Militia |
| 17:43 | Build | House |
| 17:44 | Build | House |
| 17:45 | Build | House |
| 17:49 | Queue | Villager (Male) |
| 17:56 | Build | Palisade Wall |
| 18:02 | Build | Palisade Wall |
| 18:30 | Queue | Villager (Male) |
| 18:30 | Build | Farm |
| 18:48 | Queue | Villager (Male) |
| 19:02 | Queue | Villager (Male) |
| 19:02 | Queue | Archer |
| 19:03 | Queue | Archer |
| 19:14 | Queue | Eagle Scout |
| 19:39 | Queue | Eagle Scout |
| 19:41 | Queue | Villager (Male) |
| 19:44 | Build | Farm |
| 20:15 | Build | House |
| 20:58 | Research | Castle Age |
| 21:31 | Build | Lumber Camp |
| 21:44 | Queue | Eagle Scout |
| 21:47 | Research | Gold Mining |
| 22:16 | Build | Barracks |
| 22:23 | Queue | Eagle Scout |
| 22:27 | Research | Forging |
| 22:58 | Build | Farm |
| 23:04 | Research | Horse Collar |
| 23:10 | Queue | Eagle Scout |
| 23:38 | Age | Castle Age |
| 23:45 | Research | Eagle Warrior (upgrade) |
| 23:47 | Research | Squires |
| 23:55 | Build | Town Center |
| 23:57 | Queue | Villager (Male) |
| 24:05 | Build | Siege Workshop |
| 24:20 | Queue | Villager (Male) |
| 24:20 | Queue | Villager (Male) |
| 24:20 | Queue | Villager (Male) |
Build order — iThink
First 150 of 298 actions detected
| 0:00 | Research | Loom |
| 0:02 | Build | House |
| 0:52 | Queue | Villager (Male) |
| 1:24 | Queue | Villager (Male) |
| 1:47 | Queue | Villager (Male) |
| 2:11 | Queue | Villager (Male) |
| 2:35 | Queue | Villager (Male) |
| 2:58 | Queue | Villager (Male) |
| 3:31 | Build | Lumber Camp |
| 3:33 | Queue | Villager (Male) |
| 3:33 | Queue | Villager (Male) |
| 3:33 | Queue | Villager (Male) |
| 3:52 | Queue | Villager (Male) |
| 4:25 | Build | House |
| 4:39 | Queue | Villager (Male) |
| 5:23 | Queue | Villager (Male) |
| 5:30 | Queue | Villager (Male) |
| 5:32 | Build | Mill |
| 5:45 | Queue | Villager (Male) |
| 6:19 | Queue | Villager (Male) |
| 6:48 | Queue | Villager (Male) |
| 6:49 | Build | House |
| 7:13 | Research | Feudal Age |
| 8:20 | Build | Barracks |
| 9:04 | Queue | Villager (Male) |
| 9:29 | Build | House |
| 9:33 | Build | House |
| 9:35 | Build | Palisade Wall |
| 9:36 | Build | Palisade Wall |
| 9:39 | Build | Palisade Wall |
| 9:41 | Age | Feudal Age |
| 9:42 | Queue | Villager (Male) |
| 9:46 | Build | Stable |
| 9:58 | Queue | Villager (Male) |
| 10:03 | Research | Double-Bit Axe |
| 10:20 | Queue | Scout Cavalry |
| 10:20 | Queue | Scout Cavalry |
| 10:22 | Queue | Villager (Male) |
| 10:28 | Build | Archery Range |
| 10:37 | Queue | Spearman |
| 10:40 | Queue | Villager (Male) |
| 10:44 | Queue | Villager (Male) |
| 10:58 | Queue | Scout Cavalry |
| 11:14 | Queue | Archer |
| 11:23 | Queue | Villager (Male) |
| 11:36 | Build | Mining Camp |
| 11:41 | Queue | Villager (Male) |
| 11:50 | Queue | Skirmisher |
| 11:55 | Queue | Villager (Male) |
| 12:05 | Queue | Villager (Male) |
| 12:16 | Build | Watch Tower |
| 12:25 | Queue | Villager (Male) |
| 12:28 | Queue | Skirmisher |
| 12:31 | Queue | Villager (Male) |
| 12:34 | Queue | Villager (Male) |
| 12:48 | Queue | Skirmisher |
| 13:01 | Queue | Villager (Male) |
| 13:05 | Build | House |
| 13:21 | Queue | Villager (Male) |
| 13:28 | Queue | Villager (Male) |
| 13:29 | Queue | Skirmisher |
| 13:46 | Build | Farm |
| 13:55 | Queue | Villager (Male) |
| 14:26 | Queue | Villager (Male) |
| 14:31 | Queue | Villager (Male) |
| 14:36 | Build | Farm |
| 14:37 | Queue | Skirmisher |
| 14:37 | Queue | Skirmisher |
| 14:39 | Queue | Villager (Male) |
| 14:41 | Build | House |
| 14:41 | Build | House |
| 14:53 | Build | Lumber Camp |
| 15:27 | Build | Farm |
| 15:28 | Queue | Skirmisher |
| 15:46 | Queue | Skirmisher |
| 15:48 | Queue | Villager (Male) |
| 16:00 | Queue | Villager (Male) |
| 16:02 | Build | Farm |
| 16:03 | Build | Farm |
| 16:11 | Queue | Skirmisher |
| 16:14 | Build | Blacksmith |
| 16:16 | Queue | Villager (Male) |
| 16:31 | Queue | Skirmisher |
| 16:34 | Build | Archery Range |
| 16:35 | Queue | Villager (Male) |
| 16:45 | Build | Farm |
| 16:47 | Research | Fletching |
| 16:57 | Build | House |
| 16:59 | Build | House |
| 17:05 | Queue | Villager (Male) |
| 17:15 | Build | Farm |
| 17:17 | Queue | Skirmisher |
| 17:28 | Build | Farm |
| 17:35 | Build | House |
| 17:35 | Build | House |
| 17:36 | Queue | Skirmisher |
| 17:52 | Queue | Villager (Male) |
| 18:00 | Build | Farm |
| 18:04 | Build | Farm |
| 18:06 | Build | Farm |
| 18:15 | Queue | Skirmisher |
| 18:15 | Queue | Skirmisher |
| 18:30 | Build | Farm |
| 18:48 | Queue | Villager (Male) |
| 19:00 | Queue | Skirmisher |
| 19:00 | Queue | Skirmisher |
| 19:19 | Queue | Villager (Male) |
| 19:34 | Queue | Villager (Male) |
| 19:40 | Build | Farm |
| 19:41 | Build | Farm |
| 20:10 | Queue | Scout Cavalry |
| 20:14 | Queue | Villager (Male) |
| 20:27 | Queue | Villager (Male) |
| 20:37 | Build | Farm |
| 20:38 | Build | Farm |
| 20:44 | Queue | Villager (Male) |
| 21:07 | Queue | Villager (Male) |
| 21:21 | Build | Farm |
| 21:21 | Build | Farm |
| 21:22 | Build | Farm |
| 21:22 | Build | Farm |
| 21:22 | Build | Farm |
| 21:22 | Build | Farm |
| 21:30 | Queue | Scout Cavalry |
| 21:35 | Build | Mill |
| 21:36 | Build | Farm |
| 21:36 | Build | Farm |
| 21:36 | Build | Farm |
| 21:36 | Build | Farm |
| 21:36 | Build | Farm |
| 21:37 | Build | Farm |
| 21:42 | Build | Farm |
| 21:45 | Queue | Villager (Male) |
| 21:47 | Queue | Scout Cavalry |
| 22:04 | Build | Farm |
| 22:12 | Build | Palisade Wall |
| 22:21 | Queue | Villager (Male) |
| 22:28 | Build | Market |
| 22:34 | Build | Farm |
| 22:47 | Queue | Villager (Male) |
| 23:08 | Build | House |
| 23:08 | Build | House |
| 23:11 | Build | House |
| 23:38 | Research | Castle Age |
| 23:50 | Build | Stable |
| 23:56 | Queue | Villager (Male) |
| 24:00 | Build | House |
| 24:01 | Build | House |
| 24:06 | Build | Palisade Wall |
| 24:08 | Build | House |
Match timeline
| 3:45 | Ijusttry09 · wall_segment Palisade Wall x1 |
| 5:40 | Ijusttry09 · first_building Barracks |
| 7:30 | Ijusttry09 · wall_segment Palisade Wall x4 |
| 8:20 | iThink · first_building Barracks |
| 9:25 | Ijusttry09 · age_up feudal |
| 9:35 | iThink · wall_segment Palisade Wall x1 |
| 9:36 | Ijusttry09 · first_building Archery Range |
| 9:36 | iThink · wall_segment Palisade Wall x1 |
| 9:39 | iThink · wall_segment Palisade Wall x1 |
| 9:41 | iThink · age_up feudal |
| 9:46 | iThink · first_building Stable |
| 10:28 | iThink · first_building Archery Range |
| 11:47 | Ijusttry09 · wall_segment Palisade Wall x1 |
| 11:49 | Ijusttry09 · wall_segment Palisade Wall x1 |
| 11:50 | Ijusttry09 · wall_segment Palisade Wall x1 |
| 11:52 | Ijusttry09 · wall_segment Palisade Wall x1 |
| 12:12 | Ijusttry09 · wall_segment Palisade Wall x1 |
| 12:14 | Ijusttry09 · wall_segment Palisade Wall x1 |
| 12:16 | Ijusttry09 · wall_segment Palisade Wall x1 |
| 17:56 | Ijusttry09 · wall_segment Palisade Wall x1 |
| 18:02 | Ijusttry09 · wall_segment Palisade Wall x1 |
| 20:33 | Ijusttry09 · first_market_buy 100 food |
| 22:12 | iThink · wall_segment Palisade Wall x10 |
| 23:21 | iThink · first_market_buy 100 food |
| 23:38 | Ijusttry09 · age_up castle |
| 24:05 | Ijusttry09 · first_building Siege Workshop |
| 24:06 | iThink · wall_segment Palisade Wall x1 |
| 26:18 | iThink · age_up castle |
| 26:40 | iThink · wall_segment Palisade Wall x1 |
| 26:54 | iThink · first_market_sell 100 wood |
| 28:05 | iThink · first_building Monastery |
| 34:24 | Ijusttry09 · first_building Monastery |
| 39:16 | iThink · first_building Castle |
| 40:33 | Ijusttry09 · resign |
[ AI ANALYSIS · 1 CREDIT ]
What really happened in this match?
Wolo.gg analyzes every decision: build order, eco, micro, common mistakes by bracket. Personalized analysis on WhatsApp or Discord in 30 seconds.
Civ guide
Aztecs
Perfil
Jugador #4674159